Cogmind - Beta 16 @@@ ROGUE MODE // 2025.12.19 @ 19:20:12 Player: xzenfar Result: Destroyed by 31-GV6(R) with Subdweller Beam Cannon Performance ------------- Evolutions (0) 0 Regions Visited (3) 600 Robots Destroyed (11) 55 Value Destroyed (334) 334 Prototype IDs (2) 40 Alien Tech Used (0) 0 Bonus (0) 0 TOTAL SCORE: 1029 Bonus ------- None Cogmind --------- Core Integrity 0/250 Matter 271/300 Energy 160/160 System Corruption 0% Temperature Cool (9) Movement Core (200) Ox3 Location -10/Subcaves Parts ------- > --- POWER (1) -------- Light Nuclear Core > --- PROPULSION (2) --- (None) > --- UTILITY (2) ------ Small Storage Unit > --- WEAPON (2) ------- Light Assault Rifle > --- INVENTORY (8) ---- Terrain Scanner Scrap Shield Peak State ------------ > --- POWER ------------ Light Ion Engine > --- PROPULSION ------- Aluminum Leg Aluminum Leg > --- UTILITY ---------- Heat Sink Small Storage Unit > --- WEAPON ----------- Particle Gun Light Assault Rifle > --- INVENTORY -------- Light Nuclear Core Aluminum Leg Terrain Scanner Scrap Shield Small Laser Light Assault Rifle Grenade Launcher [Rating: 9] Favorites ----------- Power Light Ion Engine Engine Light Ion Engine Power Core Light Nuclear Core Propulsion Aluminum Leg Leg Aluminum Leg Utility Small Storage Unit Device Heat Sink Storage Small Storage Unit Weapon Light Assault Rifle Energy Gun Particle Gun Ballistic Gun Light Assault Rifle Launcher Grenade Launcher Build | -11 -10 -10 -10 ------- Run | Yrd Mat Min Sub Slots Evolved . | . . . . Power . | . . . . Propulsion . | . . . . Utility . | . . . . Weapon . | . . . . Parts Attached 16 | 6 1 4 5 Power 3 | 1 . . 2 Engine 2 | 1 . . 1 Core 1 | . . . 1 Reactor . | . . . . Propulsion 5 | 2 . 2 1 Treads . | . . . . Leg 5 | 2 . 2 1 Wheel . | . . . . Hover . | . . . . Flight . | . . . . Utility 2 | 1 1 . . Device 1 | . 1 . . Storage 1 | 1 . . . Processor . | . . . . Hackware . | . . . . Protection . | . . . . Artifact . | . . . . Weapon 6 | 2 . 2 2 Energy Gun 2 | . . 2 . Energy Cannon . | . . . . Ballistic Gun 3 | 2 . . 1 Ballistic Cannon . | . . . . Launcher 1 | . . . 1 Special Weapon . | . . . . Impact Weapon . | . . . . Slashing Weapon . | . . . . Piercing Weapon . | . . . . Special Melee Weapon . | . . . . Unidentified Prototypes . | . . . . Parts Lost 13 | . 1 3 9 Power 2 | . . 1 1 Propulsion 5 | . . 2 3 Utility 1 | . . . 1 Weapon 5 | . 1 . 4 Highest Loss Streak 7 | . 1 3 7 To Critical Strikes . | . . . . Average Backups 4 | 1 4 5 5 Power 1 | . 1 2 . Propulsion . | . 1 1 . Utility . | . . . 1 Weapon 1 | . 1 2 2 Tool/Special . | . . . . Unused Backups 2 | . . . 2 Power . | . . . . Propulsion . | . . . . Utility 2 | . . . 2 Weapon . | . . . . Tool/Special . | . . . . Average Slot Usage (%) 89 | . 88 96 83 Engine 13 | . 14 13 12 Leg 27 | . 28 28 25 Device 5 | . 2 14 4 Storage 14 | . 14 14 14 Energy Gun 5 | . . 11 12 Ballistic Gun 21 | . 28 14 13 Peak Build Rating 9 | 6 7 8 9 Average Rating 6 | 4 6 7 7 On Entrance 4 | . 6 6 7 Avg Prop Armor Cover (%) . | . . . . Naked Turns . | . . . . Heaviest Build 13 | 10 11 13 13 Greatest Support 20 | 20 20 20 20 Greatest Overweight (x) 3 | 2 . . 3 Average Overweight (x) . | . . . . Largest Inventory Capacity 8 | 8 8 8 8 Average Capacity 7 | 7 8 8 8 Most Carried 8 | 2 6 7 8 Average Carried 5 | 1 4 5 6 Final Capacity 8 | 8 8 8 8 Final Carried 7 | 2 6 7 3 Class Distribution -------------------- 71% | Mutant 28% | Scavenger-Mutant Dominant Class ---------------- Mutant | -10/Materials Scavenger-Mutant | -10/Mines Mutant | -10/Subcaves Resources | -11 -10 -10 -10 ----------- Run | Yrd Mat Min Sub Matter Collected 372 | 236 76 38 22 Remotely . | . . . . Salvage Created 385 | . 218 77 90 Parts 25 | . 14 4 7 Haulers Intercepted . | . . . . Recyclers Shooed . | . . . . Parts Field Recycled . | . . . . Retrieved Matter . | . . . . Parts Self-Destructed 15 | . . . 15 Prevented . | . . . . Parts Restored . | . . . . Kills | -11 -10 -10 -10 ------- Run | Yrd Mat Min Sub Combat Hostiles Destroyed 11 | . 5 2 4 Guns 11 | . 5 2 4 Classes Destroyed 3 | . 1 . 2 Swarmer 3 | . . . 3 Grunt 7 | . 5 2 . Subdweller 1 | . . . 1 Best Kill Streak 3 | . 3 2 3 Combat Bots Only 3 | . 3 2 3 Max Kills in Single Turn 1 | . 1 1 1 Gunslinging . | . . . . Exploded . | . . . . Melee . | . . . . Uniques/NPCs Destroyed . | . . . . Combat | -11 -10 -10 -10 -------- Run | Yrd Mat Min Sub Hostile Shots Fired 148 | . 38 28 82 Missed 49 | . 9 6 34 Hits 99 | . 29 22 48 Projectile 99 | . 29 22 48 Damage Taken 1334 | . 356 293 685 Core 276 | . 102 31 143 Absorbed by Shields . | . . . . Core Remaining (%) 100 | 100 . . . Volleys Fired 45 | . 22 11 12 Largest 2 | . 2 2 2 Hottest 85 | . 40 85 85 Shots Fired 86 | . 44 19 23 Gun 85 | . 44 19 22 Cannon . | . . . . Launcher 1 | . . . 1 Special . | . . . . Kinetic 67 | . 44 11 12 Thermal 18 | . . 8 10 Explosive 1 | . . . 1 Electromagnetic . | . . . . Robot Hit Streak 13 | . 11 13 10 Robot Miss Streak 3 | . 3 3 2 Penetration Max . | . . . . Secondary Targets 4 | . 2 1 1 Max Gunslinging Chain 1 | . 1 1 1 Shots Hit Robots 61 | . 29 14 18 Core Hits 29 | . 13 6 10 Critical Kills . | . . . . Critical Parts Destroyed . | . . . . Critical Strikes . | . . . . Melee Attacks . | . . . . Impact . | . . . . Slashing . | . . . . Piercing . | . . . . Sneak Attacks . | . . . . Combat Hostiles . | . . . . Follow-up Attacks . | . . . . Damage Inflicted 734 | . 242 119 373 Guns 529 | . 230 119 180 Cannons . | . . . . Explosions 193 | . . . 193 Melee . | . . . . Ramming 12 | . 12 . . Kinetic 386 | . 230 77 79 Thermal 143 | . . 42 101 Explosive 193 | . . . 193 Electromagnetic . | . . . . Impact . | . . . . Slashing . | . . . . Piercing . | . . . . Highest Corruption . | . . . . Average Corruption . | . . . . Corruption Purged . | . . . . Corruption Blocked . | . . . . Overload Shots . | . . . . Overflow Damage . | . . . . Projectiles . | . . . . Explosions . | . . . . Melee . | . . . . Knockbacks 1 | . 1 . . Impact 1 | . 1 . . Kinetic . | . . . . Secondary . | . . . . Self-Inflicted Damage 10 | . . . 10 Shots 1 | . . . 1 Rammed . | . . . . Targets Rammed 1 | . 1 . . Kicked 1 | . 1 . . Crushed . | . . . . Highest Temperature 33 | . 25 33 19 Average Temperature 10 | . 10 15 5 Received Heat Transfer 591 | . 201 168 222 Siege Activations . | . . . . Martial Activations . | . . . . Shielding Activations . | . . . . Robots Disrupted . | . . . . Combat Hostiles . | . . . . Robots Corrupted . | . . . . Combat Hostiles . | . . . . Parts Fried . | . . . . Impact Corruptions . | . . . . Robots Melted . | . . . . Combat Hostiles . | . . . . Parts Melted . | . . . . Heat Transferred 335 | . . 100 235 Parts Sabotaged . | . . . . Parts Stolen . | . . . . Parts Stripped . | . . . . Power Chain Reactions . | . . . . Alert | -11 -10 -10 -10 ------- Run | Yrd Mat Min Sub Maximum Alert Level . | . . . . Low Security (%) 100 | 100 100 100 . Level 1 . | . . . . Level 2 . | . . . . Level 3 . | . . . . Level 4 . | . . . . Level 5 . | . . . . High Security . | . . . . Max Security . | . . . . Peak Influence 80 | . 80 30 . Initial 7 | . . 7 . Average 23 | . 33 8 . Influence Increases 365 | . 180 50 135 Destroy 0b10 Robot/C 200 | . 100 40 60 Destroy Leader 30 | . 20 10 . Lose Combat Pursuer 135 | . 60 . 75 Influence Decreases 350 | . 160 70 120 Entered New Map 13 | . . 13 . Time Decay 240 | . 150 40 50 Lost Part 97 | . 10 17 70 Squads Dispatched 2 | . 2 . . Investigation 2 | . 2 . . Extermination . | . . . . Reinforcement . | . . . . Assault . | . . . . Garrison . | . . . . Intercept . | . . . . Searches Triggered . | . . . . Construction Impeded . | . . . . Haulers Reinforced . | . . . . Active Scanning Responses . | . . . . Cargo Convoy Interrupts . | . . . . Stealth | -11 -10 -10 -10 --------- Run | Yrd Mat Min Sub Distress Signals 2 | . 2 . . Communications Jammed . | . . . . Distress Signals . | . . . . Times Spotted 37 | . 16 4 17 Peak Tracking Total 7 | . 5 2 7 Tactical Retreats 5 | . 2 . 3 Traps | -11 -10 -10 -10 ------- Run | Yrd Mat Min Sub Traps Triggered 1 | . 1 . . Indirectly . | . . . . Trap Hack Attempts . | . . . . Triggered . | . . . . Disarmed . | . . . . Reprogrammed . | . . . . Reused . | . . . . Traps Extracted . | . . . . Installed . | . . . . Triggered . | . . . . Machines | -11 -10 -10 -10 ---------- Run | Yrd Mat Min Sub Machines Disabled 1 | . . . 1 Max in Single Turn 1 | . . . 1 Machines Repaired . | . . . . Machines Dismantled . | . . . . Machines Sabotaged . | . . . . Overloaded Fab Kills . | . . . . Hacking | -11 -10 -10 -10 --------- Run | Yrd Mat Min Sub Machines Accessed 3 | . 3 . . Terminals 3 | . 3 . . Fabricators . | . . . . Repair Stations . | . . . . Recycling Units . | . . . . Scanalyzers . | . . . . Garrison Access . | . . . . Total Hacks 7 | . 7 . . Successful 3 | . 3 . . Failed 4 | . 4 . . Catastrophic . | . . . . Database Lockouts . | . . . . Manual . | . . . . Terminals 7 | . 7 . . Fabricators . | . . . . Repair Stations . | . . . . Recycling Units . | . . . . Scanalyzers . | . . . . Garrison Access . | . . . . Terminal Hacks 3 | . 3 . . Prototype ID Bank 1 | . 1 . . Locate Traps 1 | . 1 . . Recall Investigation 1 | . 1 . . Fabricator Hacks . | . . . . Repair Station Hacks . | . . . . Recycling Unit Hacks . | . . . . Scanalyzer . | . . . . Garrison Access Hacks . | . . . . Unauthorized Hacks . | . . . . Terminals . | . . . . Fabricators . | . . . . Repair Stations . | . . . . Recycling Units . | . . . . Scanalyzers . | . . . . Garrison Access . | . . . . Data Cores Recovered . | . . . . Used . | . . . . Hacking Detections 3 | . 3 . . Full Trace Events 1 | . 1 . . Feedback Events . | . . . . Feedback Blocked . | . . . . Robot Schematics Acquired . | . . . . Robots Built . | . . . . Authchips . | . . . . Time . | . . . . Total Robot Build Rating . | . . . . Part Schematics Acquired . | . . . . Parts Built . | . . . . Authchips . | . . . . Time . | . . . . Total Part Build Rating . | . . . . Part Studies Acquired . | . . . . Parts Repaired . | . . . . Time . | . . . . Parts Recycled . | . . . . Recycled Matter . | . . . . Retrieved Matter . | . . . . Retrieved Components . | . . . . Parts Scanalyzed . | . . . . Part Schematics Acquired . | . . . . Parts Damaged . | . . . . Bothacking | -11 -10 -10 -10 ------------ Run | Yrd Mat Min Sub Used RIF Installer . | . . . . Robots Hacked . | . . . . Non-combat . | . . . . Combat . | . . . . Robot Hacks Applied . | . . . . Relay Couplers Released . | . . . . Fabnet Peak Effective % . | . . . . Robots Rewired . | . . . . Allies Hacked . | . . . . Hacks Repelled . | . . . . Allies | -11 -10 -10 -10 -------- Run | Yrd Mat Min Sub Total Allies . | . . . . Largest Group . | . . . . Highest-Rated Group . | . . . . Highest-Rated Ally . | . . . . Total Orders . | . . . . Ally Attacks . | . . . . Total Damage . | . . . . Kills . | . . . . Allies Corrupted . | . . . . Allies Melted . | . . . . Intel | -11 -10 -10 -10 ------- Run | Yrd Mat Min Sub Active Infowar (turns) . | . . . . Robot Analysis Total . | . . . . Derelict Logs Recovered 2 | . . 1 1 Drone Launches . | . . . . Drone Recoveries . | . . . . Exploration | -11 -10 -10 -10 ------------- Run | Yrd Mat Min Sub Turns Passed 746 | 46 380 166 154 Spaces Moved 472 | 34 250 109 79 Core 13 | 8 . . 5 Treads . | . . . . Legs 459 | 26 250 109 74 Wheels . | . . . . Hover . | . . . . Flight . | . . . . Fastest Speed 50 | 50 120 120 100 Average Speed 119 | 106 120 120 124 Slowest Speed 200 | 150 120 120 200 Overloaded Moves . | . . . . Propulsion Burnouts . | . . . . Robots Hopped . | . . . . Potential Cave-ins . | . . . . Cave-ins Triggered . | . . . . Exploration Rate (%) 23 | 4 46 35 10 Regions Visited 3 Branch Regions 2 Pre-discovered Areas 1 | . . . 1 Known Exits Taken . | . . . . Unknown Exits Taken 3 | 1 1 1 . Scrap Searched . | . . . . Spaces Dug . | . . . . Terrain Destroyed 7 | . . . 7 Melee . | . . . . Projectile . | . . . . AOE 7 | . . . 7 Terrain Rammed . | . . . . Walls Destroyed . | . . . . Machines Disabled . | . . . . Actions | -11 -10 -10 -10 --------- Run | Yrd Mat Min Sub Total 577 | 41 294 128 114 Wait 33 | . 17 . 16 Move 470 | 33 250 108 79 Hop . | . . . . Pick Up 11 | 2 4 4 1 Fast Attach 7 | 6 1 . . Attach 10 | . . 4 6 Detach 1 | . . 1 . Swap . | . . . . Drop . | . . . . Fire 45 | . 22 11 12 Melee . | . . . . Ram . | . . . . Kick . | . . . . Crush . | . . . . Escape Stasis . | . . . . Rewire . | . . . . Trap . | . . . . Miscellaneous . | . . . . Route ------- -11/Scrapyard -10/Materials -10/Mines -10/Subcaves (discovered 1 exit: [*Rec]) History --------- Turn | Location | Event 27 | -11/Scrapyard | Discovered new exit (range 16) 47 | -11/Scrapyard | Entered Materials 314 | -10/Materials | Build established: Mutant 409 | -10/Materials | Discovered new exit (range 15) 427 | -10/Materials | Entered Mines 473 | -10/Mines | Learned Materials stockpile data 476 | -10/Mines | Lost 3 parts (2n1w) 573 | -10/Mines | Discovered new exit (range 11) 575 | -10/Mines | Core integrity fell below 50% 593 | -10/Mines | Entered Subcaves 594 | -10/Subcaves | Approached by a straggling Scientist 637 | -10/Subcaves | Learned location of Zion (-7) 637 | -10/Subcaves | Discovered new exit (range 11) 713 | -10/Subcaves | Ambushed by swarm of Subdwellers 719 | -10/Subcaves | Ambushed by Subdwellers from Twisted Machinery 724 | -10/Subcaves | Core integrity fell below 20% 747 | -10/Subcaves | Destroyed by 31-GV6(R) with Subdweller Beam Cannon Last Messages --------------- 00728_ Lgt. Ion Engine destroyed. 00728_ HV Slug penetrates OE-5YJ(R). 00731_ OE-5YJ(R) affixes Scrap Shield Fragment to Scrap Shield. 00731_ HV Slug penetrates OE-5YJ(R). 00731_ OE-5YJ(R) suffers critical hit (Destroy). 00731_ OE-5YJ(R) destroyed. 00733_ 1W-IGR(h) destroyed. 00734_ 31-GV6(R) affixes Scrap Shield Fragment to Scrap Shield. 00735_ K0-ZD4(c) destroyed. 00735_ Z3-HWB(R) destroyed. 00737_ Sml. Laser destroyed. 00738_ Subatomizers dissect the Carbon-fiber Leg. 00739_ Aluminum Leg destroyed. 00740_ DN-Z0U(R) affixes Scrap Shield Fragment to Scrap Shield. 00743_ K6-6JM(R) affixes Scrap Shield Fragment to Scrap Shield. Map ----- +----------------------------------------------------+ | ?????????????????????????????????????????????????? | | ?????????????????????????????????????????????????? | | ?????????????????????????????????????????????????? | | ?????????????????????????????????????????????????? | | ?????????????????????????????????????????????????? | | ?????????????????????????????????????????????????? | | ?????????????????????????????????????????????????? | | ?????????????????????????????????????????????????? | | ?????????????????????????????????????????????????? | | ?????????????????????????????????????????????????? | | ?????????????##??????????????????????????????????? | | ??????????#### #?????????????????????????????????? | | ?????????? ?????????????##?????????????????? | | ??????????? ???????????? #?????????????????? | | ???????????? ??????????? #?????????????????? | | ?????????????# ??????????? #?????????????????? | | ?????????????# ?????????# #?????????????????? | | ?????????????? #??????## ###???????????????? | | ???????????????# #????## #####?##????????? | | ????????????????# ##### ?? #????????? | | ?????????????????# #? #????????? | | ?????????????????# #??? ## #????????? | | ??????????????????# #????? #????????? | | ??????????????????### #???## ?????????? | | ????????????????????## ##### #???????????? | | ?????????????????????# @ * ###?????????? | | ?????????????????????# R #?????????? | | ?????????????????????## R #?????????? | | ??????????????????????### #=RR #?????????? | | ????????????????????????### ####*%&*% ##?????????? | | ??????????????????????????# #???=%%= #??????????? | | ??????????????????????????# #???"%*%* #??????????? | | ??????????????????????????###??? "%=! #??????????? | | ???????????????????????#####????##[="##??????????? | | ???????????????????????#""" ????# #???????????? | | ???????????????????????#" ???# #???????????? | | ???????????????????????#% #### ##???????????? | | ??????????????????????##% %% #???????????? | | ??????????????????????#<% % #???????????? | | ??????????????????????##"" % ##???????????? | | ???????????????????????# ### ##??????????? | | ???????????????????????#" ?## #??????????? | | ???????????????????????#""" ??# #??????????? | | ???????????????????# ######### ###??????????? | | ??????????????????# ##????????????? | | ??????????????????# #?????????????? | | ??????????????????# ##### #?????????????? | | ??????????????????# ?????## ##?????????????? | | ??????????????????# ??????# #??????????????? | | ????????????????### ####### #??????????????? | +----------------------------------------------------+ Best States ------------- Heat Dissipation 35 Energy Generation 14 Energy Capacity 160 Matter Stores 300 Matter Capacity 300 Sight Range 16 Terrain Scan Density 10 Evasion (%) 55 Item Schematics ----------------- None Robot Schematics ------------------ None Fabricated ------------ Nothing Repaired ---------- Nothing Studied --------- None Alien Tech Used ----------------- None Achievements -------------- None Challenges ------------ None Game ------ Seed PotentialTripodStripper Manual? 0 Play Time 00:27:32 Cumulative 2.8 hours Start 2025.12.18 @ 01:39:04 End 2025.12.19 @ 19:20:12 Sessions 4 Manual Loads 0 Difficulty Rogue Special Mode None Game No. 6 Rogue 6 Adventurer 0 Explorer 0 Win Type - Total 0 Types 0/0/0/0/0/0/0/0/0/0 Lore% 1 Gallery% 4 Achievement% 6 Wizard Run 0 Options --------- Layout 1 ASCII 0 Keyboard 1 Movement Numpad Keybinds 0 Fullscreen 1 Font 24/Terminus Map View 50x40 Zoom Use 0% Tactical HUD 1 Map Filters NONE Filters NONE Steam 1 RUN: cd2025a0-13b6-44f4-8c86-1c25013deabd